 Seeded DCSS version 0.29.1-15-g9cfb28693d (webtiles) character file.

Game seed: 10640581311454837549 (custom seed)

80 Mickster the Chopper (level 4, -1/40 HPs)
             Began as a Hill Orc Berserker on May 7, 2023.
             Was a Believer of Trog.
             Killed from afar by Ijyb (9 damage)
             ... with a puff of flame
             ... on level 4 of the Dungeon.
             The game lasted 00:10:01 (2267 turns).

Mickster the Chopper (Hill Orc Berserker)           Turns: 2267, Time: 00:10:01

Health: -1/40      AC:  5    Str: 21    XL:     4   Next: 39%
Magic:  4/4        EV: 11    Int:  7    God:    Trog [**....]
Gold:   89         SH:  0    Dex: 10    Spells: 3/3 levels left

rFire   . . .      SeeInvis .   j - +0 war axe
rCold   . . .      Faith    .   (no shield)
rNeg    . . .      Spirit   .   c - +0 ring mail
rPois   .          Reflect  .   (no helmet)
rElec   .          Harm     .   (no cloak)
rCorr   .          Rampage  .   (no gloves)
Will    .....                   (no boots)
Stlth   +.........              (no amulet)
HPRegen 0.13/turn               (no ring)
MPRegen 0.09/turn               (no ring)

@: no status effects
A: no striking features
a: Renounce Religion, Berserk, Trog's Hand


You were on level 4 of the Dungeon.
You worshipped Trog.
Trog was pleased with you.
You visited 1 branch of the dungeon, and saw 4 of its levels.

You collected 89 gold pieces.

Inventory:

Hand Weapons
 a - a +0 hand axe
 j - a +0 war axe (weapon)
Missiles
 f - 9 stones (quivered)
Armour
 c - a +0 ring mail (worn)
Wands
 d - a wand of digging (4)
 k - a wand of flame (18)
Scrolls
 b - a scroll of blinking
 g - a scroll of silence
 h - a scroll of immolation {unknown}
Potions
 e - 2 potions of mutation {unknown}
 l - a potion of cancellation


   Skills:
 + Level 4.2 Fighting
 * Level 5.6 Axes
 + Level 2.5 Armour
 + Level 1.9 Dodging
 + Level 0.2 Stealth


You had 3 spell levels left.
You didn't know any spells.
Your spell library was empty.

Dungeon Overview and Level Annotations

Branches:
Dungeon (4/15)
 Temple: D:4-7

Altars:
Ru

Annotations:
D:4 Ijyb


Message History

Found 9 gold pieces.
Found a scroll of blinking.
You now have 89 gold pieces (gained 9).
Found a scroll labelled SONWUS SUGAEKE.
Found 2 murky red potions.
b - a scroll of blinking
e - 2 murky red potions
Found a whip.
h - a scroll labelled SONWUS SUGAEKE A giant cockroach comes into view.
You barely miss the giant cockroach. The giant cockroach misses you.
You closely miss the giant cockroach. The giant cockroach barely misses you.
The giant cockroach closely misses you.
You hit the giant cockroach.
The giant cockroach is heavily wounded.
The giant cockroach bites you.
You barely miss the giant cockroach.
The giant cockroach is heavily wounded.
The giant cockroach closely misses you. The giant cockroach bites you.
You slash the giant cockroach!
You kill the giant cockroach!
Trog accepts your kill.
You see here a giant cockroach corpse.
You see here a +0 whip.
Ijyb and a howler monkey come into view.
Ijyb is wielding a +0 dagger and carrying a wand of flame (5).
Ijyb shouts!
The howler monkey howls!
Ijyb zaps a wand.
The puff of flame hits you.
Ijyb zaps a wand.
The puff of flame hits you!
Found 12 gold pieces.
You closely miss the howler monkey. The howler monkey misses you.
Ijyb screams, "You nasty!
Big nasty!"
Ijyb zaps a wand.
The puff of flame hits you!
* * * LOW HITPOINT WARNING * * *
You barely miss the howler monkey. The howler monkey hits you.
* * * LOW HITPOINT WARNING * * *
The howler monkey hits you but does no damage.
You closely miss the howler monkey.
Ijyb zaps a wand.
The puff of flame hits you!
You die...

.. ###...
####.####### ..#...
..#.....#..# ......
...........##.....#
...................
......##..........
..................
#.....@h...... .#
#†).##........ ..###
##.###........#
#..###...##....g..##
.
#....#.......##....#
.
#...................
.#####..^..........
...$
...##..........###.
....
...................


You could see Ijyb and a howler monkey.

Vanquished Creatures
  Terence (D:2)
  An adder (D:2)
  An adder zombie (D:2)
  A worm (D:2)
  2 dart slugs
  2 endoplasms
  2 giant cockroaches
  4 goblins (D:1)
  2 hobgoblins
  2 quokkas
  3 ball pythons
  2 bats (D:1)
  2 frilled lizards (D:1)
  4 kobolds
  2 quokka skeletons (D:2)
  6 rats
37 creatures vanquished.

Notes
Turn   | Place    | Note
-------+----------+-------------------------------------------
     0 | D:1      | Mickster the Hill Orc Berserker began the quest for the
                  | Orb.
     0 | D:1      | Reached XP level 1. HP: 19/19 MP: 1/1
   104 | D:1      | Reached XP level 2. HP: 24/27 MP: 2/2
   298 | D:1      | Found a faded altar of an unknown god.
   641 | D:2      | Reached XP level 3. HP: 7/33 MP: 3/3
  1240 | D:2      | Noticed Terence
  1255 | D:2      | Killed Terence
  1256 | D:2      | Reached skill level 5 in Axes
  1297 | D:2      | Reached XP level 4. HP: 16/40 MP: 4/4
  1647 | D:2      | You fall into a shaft and drop 1 floor!
  1852 | D:3      | Found a sacrificial altar of Ru.
  1985 | D:3      | Reached ** piety under Trog
  2262 | D:4      | Noticed Ijyb
  2267 | D:4      | Killed from afar by Ijyb

Illustrated notes

Levels and vault maps discovered:
D:1:      matt_arrival_diagonals, layout_basic, basic_ecumenical_altar
D:2:      layout_rooms, serial_undead, serial_undead_a, serial_undead_c,
          serial_undead_b, serial_undead_c, serial_undead_f, serial_undead_c,
          nicolae_underground_beach, uniq_terence
D:3:      layout_loops_ring, marbit_many_paths, hangedman_ru_absence
D:4:      layout_cave_pools, nicolae_ashenzari_panopticon,
          uniq_crazy_yiuf_cottage, uniq_ijyb

Skill      XL: |  1  2  3 |
---------------+----------+-----
Fighting       | 4 |  4.2
Axes           | 5 |  5.6
Armour         | |  2.5
Dodging        | |  1.9
Stealth        | |  0.2

Action                   |  1- 3 |  4- 6 || total
-------------------------+-------+-------++-------
Melee: Hand axe          |    79 |    22 ||   101
       War axe           |       |    17 ||    17
  Use: Scroll            |     1 |     3 ||     4
       Potion            |     2 |     1 ||     3
 Stab: Sleeping          |     1 |       ||     1
Armor: Animal skin       |    20 |       ||    20
       Ring mail         |       |    10 ||    10
Dodge: Dodged            |    53 |    24 ||    77
